 Dungeon Crawl Stone Soup version 0.29-a0-1009-g60c99734e7 (webtiles) character file.

Game seed: 15897403529057723924

95 nickcage the Slasher (level 4, -3/33 HPs)
             Began as a Djinni Gladiator on Aug 8, 2022.
             Slain by a river rat (6 damage)
             ... in a sewer.
             The game lasted 00:06:23 (2878 turns).

nickcage the Slasher (Djinni Gladiator)             Turns: 2878, Time: 00:06:23

Health: -3/33      AC: 11    Str: 15    XL:     4   Next: 95%
Gold:   48         EV:  4    Int: 10    God:
                   SH:  0    Dex: 14

rFire   + + .      SeeInvis .   a - +0 long sword
rCold   x . .      Faith    .   (no shield)
rNeg    . . .      Spirit   .   n - +0 plate armour
rPois   ∞          Reflect  .   c - +0 helmet
rElec   .          Harm     .   (no cloak)
rCorr   .          Rampage  .   (no gloves)
Will    .....                   (boots unavailable)
Stlth   ..........              (no amulet)
HPRegen 0.11/turn               (no ring)
MPRegen 0.00/turn               (no ring)

@: flying
A: sickness immunity, fire resistance 2, cold vulnerability 1, float, innate
caster, HP casting, extra vitality 1
a: no special abilities


You were in a sewer.
You visited 1 branch of the dungeon, and saw 3 of its levels.
You also visited: Sewer.

You collected 48 gold pieces.

Inventory:

Hand Weapons
 a - a +0 long sword (weapon)
Missiles
 d - 3 throwing nets
 e - a javelin
 r - 5 curare-tipped darts (quivered)
Armour
 b - a +0 leather armour
 c - a +0 helmet (worn)
 m - a +0 chain mail
 n - a +0 plate armour (worn)
Scrolls
 f - 3 scrolls of noise {unknown}
 g - a scroll of blinking {unknown}
 k - a scroll of silence {unknown}
 l - 2 scrolls of identify {unknown}
 o - a scroll of brand weapon {unknown}
 p - a scroll of teleportation {unknown}
 s - a scroll of enchant armour {unknown}
Potions
 h - 3 potions of curing {unknown}
 i - a potion of heal wounds {unknown}
 j - 2 potions of ambrosia {unknown}
 q - 2 potions of degeneration {unknown}
 t - a potion of invisibility {unknown}
 u - 2 potions of lignification {unknown}


   Skills:
 - Level 2.0 Fighting
 + Level 4.8 Long Blades
 - Level 1.5 Throwing
 - Level 3.2 Dodging


You had 2 spell levels left.
You knew the following spells:

 Your Spells              Type           Power      Damage    Failure   Level
a - Summon Small Mammal   Summ           0%         N/A       100%        1
Your spell library was empty.


Dungeon Overview and Level Annotations

Branches:
Dungeon (3/15)              Sewer (1/1)

Altars:
Zin


Innate Abilities, Weirdness & Mutations

You are immune to sickness and miasma.
You are immune to poison.
Your flesh is very heat resistant. (rF++)
You are vulnerable to cold. (rC-)
You float through the air rather than walking.
You learn spells naturally, not from books.
Your magical power is your life essence.
You have superior vitality. (+4 MHP)


Message History

u - 2 metallic cyan potions You see here a book of Flames.
A rat and a river rat come into view.
The river rat bites you.
You hit the river rat.
The river rat is heavily wounded.
The river rat bites you but does no damage.
You hit the river rat but do no damage.
The river rat is heavily wounded.
The river rat bites you but does no damage.
You slash the river rat!
You kill the river rat!
A river rat comes into view.
You closely miss the river rat. The river rat bites you. x2
You hit the river rat but do no damage. The river rat bites you.
You closely miss the river rat.
The river rat bites you but does no damage.
You closely miss the river rat.
The river rat bites you but does no damage.
You hit the river rat but do no damage. The river rat barely misses you.
You hit the river rat but do no damage. The river rat bites you.
You closely miss the river rat. The river rat completely misses you.
The river rat bites you.
You barely miss the river rat.
The river rat bites you but does no damage.
You hit the river rat but do no damage.
The river rat twitches its whiskers.
The river rat bites you but does no damage.
You slash the river rat!
The river rat is severely wounded.
The river rat bites you.
* * * LOW HITPOINT WARNING * * *
You hit the river rat.
The river rat is almost dead.
The river rat bites you.
* * * LOW HITPOINT WARNING * * *
You hit the river rat but do no damage.
The river rat is almost dead.
The river rat bites you.
You die...

. .## ... #.# #.# #r# ##r##
#@#.#
#################~#############
~.~.~~.†~~.......~~.~~.:~≈#≈≈≈≈
~~~~~~~~..~~...~..~~....~≈#≈≈≈≈
###############################


You could see a river rat and a rat.

Vanquished Creatures
  2 adders (D:2)
  A river rat (Sewer)
  A worm (D:3)
  2 dart slugs (D:2)
  4 ball pythons
  2 bats
  8 endoplasms
  6 giant cockroaches
  7 goblins
  4 hobgoblins
  10 kobolds
  2 quokkas
  2 frilled lizards (D:2)
  3 rats
54 creatures vanquished.

Notes
Turn   | Place    | Note
-------+----------+-------------------------------------------
     0 | D:1      | nickcage the Djinni Gladiator began the quest for the Orb.
     0 | D:1      | Reached XP level 1. HP: 18/18 MP: 0/0
   225 | D:1      | Reached skill level 3 in Long Blades
   226 | D:1      | Reached XP level 2. HP: 6/23 MP: 0/0
  1060 | D:1      | Found a faded altar of an unknown god.
  1090 | D:1      | Reached XP level 3. HP: 18/28 MP: 0/0
  1090 | D:1      | Learned a level 1 spell: Summon Small Mammal
  1500 | D:2      | Found a glowing silver altar of Zin.
  1871 | D:2      | Reached skill level 4 in Long Blades
  2039 | D:2      | Reached XP level 4. HP: 25/33 MP: 0/0
  2813 | D:3      | Found a glowing drain.
  2817 | Sewer    | Entered a sewer
  2878 | Sewer    | Slain by a river rat

Illustrated notes

Levels and vault maps discovered:
D:1:      dpeg_arrival_arbitrary_a, layout_rooms,
          hellmonk_ecumenical_altar_prayer_group
D:2:      layout_basic, basic_altar, minmay_misc_feat_tower, grunt_ministairs_3
D:3:      layout_loops_ring, lemuel_doored_altar, elyvilon_altar_3,
          gup_sewer_entry_bowl, chequers_serial_rivers_micro_e, grunt_decor_cap,
          minivault_24
Sewer:    sewer_co_cracked_pipes

Skill      XL: |  1  2  3 |
---------------+----------+-----
Long Blades    | 3 4 |  4.8
Fighting       | |  2.0
Throwing       | |  1.5
Dodging        | |  3.2

Action                   |  1- 3 |  4- 6 || total
-------------------------+-------+-------++-------
Melee: Long sword        |   103 |    84 ||   187
       Punch             |       |     1 ||     1
  Use: Scroll            |       |     1 ||     1
Armor: Leather armour    |    15 |       ||    15
       Chain mail        |     7 |       ||     7
       Plate armour      |    58 |    91 ||   149
Dodge: Dodged            |    56 |    20 ||    76

Table legend: (Time is in decaauts)
 A = Elapsed time spent in this place.
 B = Non-inter-level travel time spent in this place.
 C = Inter-level travel time spent in this place.
 D = Time resting spent in this place.
 E = Time spent auto-exploring this place.
 F = Levels seen in this place.
 G = Mean time per level.
                   A        B        C        D        E       F      G
               +--------+--------+--------+--------+--------+-----+--------+
         Total |   2914 |   2784 |    130 |    524 |   1713 |   4 |  728.5 |
       Dungeon |   2850 |   2720 |    130 |    524 |   1698 |   3 |  950.0 |
         Sewer |     63 |     63 |      0 |      0 |     15 |   1 |   63.0 |
               +--------+--------+--------+--------+--------+-----+--------+

Top non-repeatable levels by time:
     D:1: 1492 daAuts
     D:2: 1235 daAuts
     D:3: 123 daAuts
   Sewer: 63 daAuts
